BSA
PHILADELPHIA ATHLETICS @ NASSAU ROCKETS
08/12/2028
 
TOP OF THE 1ST
Niagara Falls Frenzy batting - Pitching for Nassau Rockets : RHP Fernando Castillo
Pitching: RHP Fernando Castillo
Batting: RHB Kel Pierce 0-0: Ground out 5-3 (Groundball, 56)
Batting: RHB Zander Tremblett 0-0: Ground out 4-3 (Groundball, 4)
Batting: RHB Troy Lau 0-0: Swinging Strike
0-1: Foul Ball, location: 2F
0-2: Strikes out swinging
Top of the 1st over - 0 run(s), 0 hit(s), 0 error(s), 0 left on base; Niagara Falls 0 - Nassau 0
BOTTOM OF THE 1ST
Nassau Rockets batting - Pitching for Niagara Falls Frenzy : RHP Albert Gonzáles
Pitching: RHP Albert Gonzáles
Batting: LHB Don Ramey 0-0: Ball
1-0: Ball
2-0: Foul Ball, location: 2F
2-1: Called Strike
2-2: Ground out 4-3 (Groundball, 4)
Batting: LHB Doug Thompson 0-0: Called Strike
0-1: Foul Ball, location: 2F
0-2: Ball
1-2: SINGLE (Groundball, 4MD)
Batting: LHB Juan Romero 0-0: Called Strike
0-1: Foul Ball, location: 2F
0-2: Ball
1-2: Foul Ball, location: 2F
1-2: Fly out, F7 (Flyball, 7)
Batting: LHB Andrew Alvarado 0-0: Called Strike
0-1: Ball
1-1: Ball
2-1: Ball
3-1: Base on Balls
Doug Thompson to second
Batting: LHB Gene Cooper 0-0: Ball
1-0: Swinging Strike
1-1: Ball
2-1: Ball
3-1: Base on Balls
Doug Thompson to third
Andrew Alvarado to second
Batting: LHB Wilson Allen 0-0: Foul Ball, location: 2F
0-1: Ball
1-1: Ball
2-1: SINGLE (Flyball, 8RS)
Doug Thompson scores
Andrew Alvarado to third
Gene Cooper to second
Runner from 3rd tries for Home, SAFE, throw made at trailing runner, OUT at third!
Bottom of the 1st over - 2 run(s), 2 hit(s), 0 error(s), 1 left on base; Niagara Falls 0 - Nassau 2
TOP OF THE 2ND
Niagara Falls Frenzy batting - Pitching for Nassau Rockets : RHP Fernando Castillo
Batting: LHB Clyde Yarbrough 0-0: Ball
1-0: Swinging Strike
1-1: Ball
2-1: Called Strike
2-2: Ground out 6-3 (Groundball, 6S)
Batting: RHB Anastasio Villa 0-0: Ball
1-0: Ground out 6-3 (Groundball, 56D)
Batting: LHB Yasuhiko Onodera 0-0: Foul Ball, location: 2F
0-1: Ground out 3-1 (Groundball, 34)
Top of the 2nd over - 0 run(s), 0 hit(s), 0 error(s), 0 left on base; Niagara Falls 0 - Nassau 2
BOTTOM OF THE 2ND
Nassau Rockets batting - Pitching for Niagara Falls Frenzy : RHP Albert Gonzáles
Batting: RHB Salvador Borbón 0-0: Called Strike
0-1: Ball
1-1: Ball
2-1: Ball
3-1: Swinging Strike
3-2: Foul Ball, location: 2F
3-2: Reached on error, E1 (Groundball, 15S)
Batting: LHB Shiro Ueno 0-0: Called Strike
0-1: Ball
1-1: Ball
2-1: SINGLE (Flyball, 8LS)
Salvador Borbón to third
Batting: LHB Rafael Delgado 0-0: Reached on error, E4 (Groundball, 4)
Salvador Borbón scores
Shiro Ueno to second
Batting: LHB Don Ramey 0-0: Ball
1-0: Called Strike
1-1: DOUBLE (Line Drive, 78XD)
Shiro Ueno scores
Rafael Delgado to third
Runner from 3rd tries for Home, SAFE, no throw
Batting: LHB Doug Thompson 0-0: Called Strike
0-1: Ball
1-1: Ground out 4-3 (Groundball, 34)
Don Ramey to third
Batting: LHB Juan Romero 0-0: Foul Ball, location: 2F
0-1: Fly out, F7 (Flyball, 7LM)
Runner from 3rd tags up, SCORES, throw made
Batting: LHB Andrew Alvarado 0-0: Called Strike
0-1: Ball
1-1: Called Strike
1-2: Ball
2-2: Foul Ball, location: 2F
2-2: Ball
3-2: Foul Ball, location: 2F
3-2: Foul Ball, location: 2F
3-2: SINGLE (Line Drive, 5D)
Batting: LHB Gene Cooper 0-0: Foul Ball, location: 2F
0-1: Ball
1-1: Ball
2-1: Fly out, F7 (Flyball, 7D)
Bottom of the 2nd over - 4 run(s), 3 hit(s), 2 error(s), 1 left on base; Niagara Falls 0 - Nassau 6
TOP OF THE 3RD
Niagara Falls Frenzy batting - Pitching for Nassau Rockets : RHP Fernando Castillo
Batting: SHB Héctor Padilla 0-0: Ball
1-0: Ground out 4-3 (Groundball, 4D)
Batting: RHB Jung-ha Kim 0-0: Swinging Strike
0-1: Foul Ball, location: 2F
0-2: Ball
1-2: Ball
2-2: Strikes out swinging
Batting: RHB Tomás Estrada 0-0: Ball
1-0: SINGLE (Line Drive, 8LS)
Batting: RHB Kel Pierce 0-0: Called Strike
0-1: Foul Ball, location: 2F
0-2: Ground out 5-3 (Groundball, 56)
Top of the 3rd over - 0 run(s), 1 hit(s), 0 error(s), 1 left on base; Niagara Falls 0 - Nassau 6
BOTTOM OF THE 3RD
Nassau Rockets batting - Pitching for Niagara Falls Frenzy : RHP Albert Gonzáles
Batting: LHB Wilson Allen 0-0: Ball
1-0: Ball
2-0: Ball
3-0: Base on Balls
Batting: RHB Salvador Borbón 0-0: Called Strike
0-1: Grounds into double play, 4-6-3 (Groundball, 4)
Batting: LHB Shiro Ueno 0-0: Ball
1-0: Swinging Strike
1-1: Called Strike
1-2: SINGLE (Groundball, 34S) (infield hit)
Batting: LHB Rafael Delgado 0-0: Swinging Strike
0-1: Ball
1-1: Swinging Strike
1-2: Strikes out swinging
Bottom of the 3rd over - 0 run(s), 1 hit(s), 0 error(s), 1 left on base; Niagara Falls 0 - Nassau 6
TOP OF THE 4TH
Niagara Falls Frenzy batting - Pitching for Nassau Rockets : RHP Fernando Castillo
Batting: RHB Zander Tremblett 0-0: Ball
1-0: Ball
2-0: Ball
3-0: Called Strike
3-1: Ground out 6-3 (Groundball, 6)
Batting: RHB Troy Lau 0-0: Ball
1-0: Ground out 6-3 (Groundball, 6)
Batting: LHB Clyde Yarbrough 0-0: Ball
1-0: SOLO HOME RUN (Flyball, 9LD), Distance : 336 ft
Batting: RHB Anastasio Villa 0-0: Called Strike
0-1: Called Strike
0-2: Ball
1-2: Ball
2-2: Fly out, F7 (Flyball, 7)
Top of the 4th over - 1 run(s), 1 hit(s), 0 error(s), 0 left on base; Niagara Falls 1 - Nassau 6
BOTTOM OF THE 4TH
Nassau Rockets batting - Pitching for Niagara Falls Frenzy : RHP Albert Gonzáles
Batting: LHB Don Ramey 0-0: Ball
1-0: Called Strike
1-1: Foul Ball, location: 2F
1-2: Ball
2-2: Foul Ball, location: 2F
2-2: SINGLE (Line Drive, 56D)
Batting: LHB Doug Thompson 0-0: Swinging Strike
0-1: Ball
1-1: Ball
2-1: Grounds into double play, 4-6-3 (Groundball, 4)
Batting: LHB Juan Romero 0-0: Called Strike
0-1: Ball
1-1: Called Strike
1-2: Ball
2-2: Ground out 1-3 (Groundball, P)
Bottom of the 4th over - 0 run(s), 1 hit(s), 0 error(s), 0 left on base; Niagara Falls 1 - Nassau 6
TOP OF THE 5TH
Niagara Falls Frenzy batting - Pitching for Nassau Rockets : RHP Fernando Castillo
Batting: LHB Yasuhiko Onodera 0-0: Fly out, F8 (Flyball, 8LM)
Batting: SHB Héctor Padilla 0-0: Swinging Strike
0-1: Called Strike
0-2: Foul Ball, location: 2F
0-2: Ball
1-2: Strikes out swinging
Batting: RHB Jung-ha Kim 0-0: Ball
1-0: Ball
2-0: Ball
3-0: Called Strike
3-1: Called Strike
3-2: SOLO HOME RUN (Flyball, 7LD), Distance : 336 ft
Batting: RHB Tomás Estrada 0-0: Ball
1-0: Called Strike
1-1: Swinging Strike
1-2: Fly out, F8 (Flyball, 78M)
Top of the 5th over - 1 run(s), 1 hit(s), 0 error(s), 0 left on base; Niagara Falls 2 - Nassau 6
BOTTOM OF THE 5TH
Nassau Rockets batting - Pitching for Niagara Falls Frenzy : RHP Albert Gonzáles
Pitching: RHP George Nelson
Batting: LHB Andrew Alvarado 0-0: Called Strike
0-1: Ball
1-1: Foul Ball, location: 2F
1-2: Ground out U3 (Groundball, 3)
Batting: LHB Gene Cooper 0-0: Ball
1-0: DOUBLE (Line Drive, 7LS)
Pinch Runner at 2nd Pete Harvey:
Batting: LHB Wilson Allen 0-0: Ball
1-0: Ground out 6-3 (Groundball, 6)
Batting: RHB Salvador Borbón 0-0: Ball
1-0: Foul Ball, location: 2F
1-1: Foul Ball, location: 2F
1-2: Ball
2-2: Ball
3-2: DOUBLE (Flyball, 9D)
Pete Harvey scores
Batting: LHB Shiro Ueno 0-0: Ball
1-0: Called Strike
1-1: Ball
2-1: Foul Ball, location: 2F
2-2: Foul Ball, location: 2F
2-2: SINGLE (Line Drive, 8RS)
Salvador Borbón to third
Runner from 3rd tries for Home, SAFE, no throw
Batting: LHB Rafael Delgado 0-0: Ball
1-0: Foul Ball, location: 2F
1-1: Ball
2-1: Swinging Strike
2-2: Fielders Choice at 2nd, U4 (Groundball, 4M)
Bottom of the 5th over - 2 run(s), 3 hit(s), 0 error(s), 1 left on base; Niagara Falls 2 - Nassau 8
TOP OF THE 6TH
Niagara Falls Frenzy batting - Pitching for Nassau Rockets : RHP Fernando Castillo
Now at 3B: Pete Harvey
Batting: RHB Kel Pierce 0-0: Ball
1-0: Ground out 5-3 (Groundball, 56)
Batting: RHB Zander Tremblett 0-0: Called Strike
0-1: Called Strike
0-2: Ball
1-2: Strikes out swinging
Batting: RHB Troy Lau 0-0: Ball
1-0: Ball
2-0: Ground out 5-3 (Groundball, 56)
Top of the 6th over - 0 run(s), 0 hit(s), 0 error(s), 0 left on base; Niagara Falls 2 - Nassau 8
BOTTOM OF THE 6TH
Nassau Rockets batting - Pitching for Niagara Falls Frenzy : RHP George Nelson
Batting: LHB Don Ramey 0-0: Ball
1-0: DOUBLE (Flyball, 78XD)
Batting: LHB Doug Thompson 0-0: Foul Ball, location: 2F
0-1: Swinging Strike
0-2: Ball
1-2: Foul Ball, location: 2F
1-2: DOUBLE (Line Drive, 8LXD)
Don Ramey scores
Batting: LHB Juan Romero 0-0: SINGLE (Line Drive, 6M)
Doug Thompson to third
Batting: LHB Andrew Alvarado 0-0: Called Strike
0-1: Ground out 5-3 (Groundball, 56S)
Doug Thompson scores
Juan Romero to second
Pitching: RHP Stan Stewart
Batting: RHB Pete Harvey 0-0: Ball
1-0: Ball
2-0: Ball
3-0: Base on Balls
Batting: LHB Wilson Allen 0-0: Called Strike
0-1: Swinging Strike
0-2: Strikes out swinging
Batting: RHB Salvador Borbón 0-0: Called Strike
0-1: Called Strike
0-2: Ball
1-2: Ball
2-2: Foul Ball, location: 2F
2-2: Ball
3-2: Strikes out swinging
Bottom of the 6th over - 2 run(s), 3 hit(s), 0 error(s), 2 left on base; Niagara Falls 2 - Nassau 10
TOP OF THE 7TH
Niagara Falls Frenzy batting - Pitching for Nassau Rockets : RHP Fernando Castillo
Batting: LHB Clyde Yarbrough 0-0: SINGLE (Flyball, 89S)
Batting: RHB Anastasio Villa 0-0: Foul Ball, location: 2F
0-1: Ball
1-1: Foul Ball, location: 2F
1-2: Foul Ball, location: 2F
1-2: Fly out, F7 (Line Drive, 7D)
Batting: LHB Yasuhiko Onodera 0-0: Called Strike
0-1: Ball
1-1: SINGLE (Line Drive, 3D)
Clyde Yarbrough to second
Runner from 2nd tries for 3rd, SAFE, throw made to third
Batting: SHB Héctor Padilla 0-0: Ball
1-0: Called Strike
1-1: Ball
2-1: Foul Ball, location: 2F
2-2: SINGLE (Groundball, 4MD)
Clyde Yarbrough scores
Yasuhiko Onodera to second
Batting: RHB Jung-ha Kim 0-0: Called Strike
0-1: Ball
1-1: Foul Ball, location: 2F
1-2: Strikes out swinging
Batting: RHB Tomás Estrada 0-0: Ball
1-0: Foul Ball, location: 2F
1-1: Fly out, F8 (Flyball, 8RM)
Top of the 7th over - 1 run(s), 3 hit(s), 0 error(s), 2 left on base; Niagara Falls 3 - Nassau 10
BOTTOM OF THE 7TH
Nassau Rockets batting - Pitching for Niagara Falls Frenzy : RHP Stan Stewart
Batting: LHB Shiro Ueno 0-0: Ball
1-0: Foul Ball, location: 2F
1-1: Ground out 6-3 (Groundball, 56)
Batting: LHB Rafael Delgado 0-0: Ball
1-0: Swinging Strike
1-1: Ball
2-1: Ball
3-1: SINGLE (Groundball, 34D) (infield hit)
Batting: LHB Don Ramey 0-0: Ball
1-0: Foul Ball, location: 2F
1-1: Ball
2-1: DOUBLE (Flyball, 9LM)
Rafael Delgado to third
Batting: LHB Doug Thompson 0-0: Ball
1-0: Called Strike
1-1: Called Strike
1-2: Foul Ball, location: 2F
1-2: Fly out, F8 (Flyball, 8RM)
Runner from 3rd tags up, SCORES, no throw
Batting: LHB Juan Romero 0-0: Called Strike
0-1: Ball
1-1: Swinging Strike
1-2: Strikes out looking
Bottom of the 7th over - 1 run(s), 2 hit(s), 0 error(s), 1 left on base; Niagara Falls 3 - Nassau 11
TOP OF THE 8TH
Niagara Falls Frenzy batting - Pitching for Nassau Rockets : RHP Fernando Castillo
Batting: RHB Kel Pierce 0-0: Fly out, F7 (Flyball, 7)
Batting: RHB Zander Tremblett 0-0: Ball
1-0: Ground out 5-3 (Groundball, 56)
Batting: RHB Troy Lau 0-0: Called Strike
0-1: Ball
1-1: Fly out, F8 (Flyball, 89S)
Top of the 8th over - 0 run(s), 0 hit(s), 0 error(s), 0 left on base; Niagara Falls 3 - Nassau 11
BOTTOM OF THE 8TH
Nassau Rockets batting - Pitching for Niagara Falls Frenzy : RHP Stan Stewart
Pinch Hitting: RHB Brant Sherman 0-0: Foul Ball, location: 2F
0-1: SOLO HOME RUN (Flyball, 7D), Distance : 353 ft
Batting: RHB Pete Harvey 0-0: Foul Ball, location: 2F
0-1: Swinging Strike
0-2: Ground out 1-3 (Groundball, 13S)
Batting: LHB Wilson Allen 0-0: Called Strike
0-1: SOLO HOME RUN (Flyball, 89XD), Distance : 390 ft
Batting: RHB Salvador Borbón 0-0: Swinging Strike
0-1: SINGLE (Groundball, 4MD)
Batting: LHB Shiro Ueno 0-0: Ball
1-0: 2-RUN HOME RUN (Flyball, 8RXD), Distance : 440 ft
Pitching: RHP Nathan Thornton
Batting: LHB Rafael Delgado 0-0: Ball
1-0: Swinging Strike
1-1: Swinging Strike
1-2: Strikes out looking
Batting: LHB Don Ramey 0-0: Called Strike
0-1: Ball
1-1: Ball
2-1: Ball
3-1: Base on Balls
Batting: LHB Doug Thompson 0-0: Foul Ball, location: 2F
0-1: Foul Ball, location: 2F
0-2: Ball
1-2: Ball
2-2: Ball
3-2: Fly out, F8 (Flyball, 8LM)
Bottom of the 8th over - 4 run(s), 4 hit(s), 0 error(s), 1 left on base; Niagara Falls 3 - Nassau 15
TOP OF THE 9TH
Niagara Falls Frenzy batting - Pitching for Nassau Rockets : RHP Fernando Castillo
Now in LF: Brant Sherman
Batting: LHB Clyde Yarbrough 0-0: Ball
1-0: Foul Ball, location: 2F
1-1: Fly out, F8 (Flyball, 8RD)
Batting: RHB Anastasio Villa 0-0: Ball
1-0: SINGLE (Groundball, 6MD)
Batting: LHB Yasuhiko Onodera 0-0: Called Strike
0-1: Ball
1-1: Ball
2-1: Foul Ball, location: 2F
2-2: Grounds into double play, 6-4-3 (Groundball, 6M)
Top of the 9th over - 0 run(s), 1 hit(s), 0 error(s), 0 left on base; Niagara Falls 3 - Nassau 15
Tuesday, August 8th, 2017 - OOTP Baseball 17.12 Build 75